cohdb
Replays
Latest Replays
All Replays
Popular Replays
Top Player Replays
Match Explorer
How It Works
Community
CoH3 Stats
Reddit
Sign in to upload your games and track your stats! →
Sign in with Steam
Match 40946591
Unlisted
Match 40946591
Overview
Messages
Build Orders
End
Kradschützen Motorcycle Team
Panzergrenadier Squad
250 Light Carrier
Panzergrenadier Squad
Panzergrenadier Squad
Construct Light Support Kompanie
2.5-tonne Medical Truck
Assault Mechanized Group
Selects Panzerjäger Kommand Battlegroup
Selects GrB 39 Grenade Launcher Requisition
Fire Support Elements
Pak 38 Anti-tank Gun Team
Flakvierling Half-track
Panzerjäger Mechanized Group
Tungsten Core Ammunition
Flakvierling Half-track
Selects Crew Shock Tactics
Selects Anti-tank Overwatch
Panzerjäger Mechanized Group
Selects Mine Fields
Selects Defensive Positions
Pak 38 Anti-tank Gun Team
Anti-tank Overwatch
Selects Butterfly Bomb Drop
Panzerjäger Mechanized Group
Voodoo408
Felid
JUBA
Marcus Edward
Ж | Zoomer
快乐人民
Bubbciss
中國狗比人多
0
0
Comments
sign in to comment!
No comments posted yet!